 Dungeon Crawl Stone Soup version 0.21-a0-153-g78480df (webtiles) character file.

4 4thArraOfDagon the Sneak (level 1, -3/11 HPs)
             Began as an Octopode Enchanter on Aug 1, 2017.
             Slain by 4thArraOfDagon's ghost (5 damage)
             ... on level 3 of the Dungeon.
             The game lasted 00:00:38 (160 turns).

4thArraOfDagon the Sneak (Octopode Enchanter)        Turns: 160, Time: 00:00:39

Health: -3/11      AC:  1    Str:  7    XL:     1   Next: 60%
Magic:  3/3        EV: 13    Int: 17    God:
Gold:   13         SH:  0    Dex: 12    Spells: 3/4 levels left

rFire    . . .     SeeInvis .   a - +1 dagger
rCold    . . .     Gourm    .   (no shield)
rNeg     . . .     Faith    .   (helmet restricted)
rPois    .         Spirit   .   (no amulet)
rElec    .         Reflect  .   (no ring)
rCorr    .         Harm     .   (no ring)
MR       .....                  (no ring)
Stlth    +++.......             (no ring)
HPRegen  0.03/turn              (no ring)
MPRegen  0.08/turn              (no ring)
                                (no ring)
                                (no ring)

@: sleeping
A: almost no armour, stealthy swim, amphibious, 8 rings, constrict 8, camouflage
1, gelatinous body 1
a: no special abilities


You were on level 3 of the Dungeon.
You were not hungry.

You visited 1 branch of the dungeon, and saw 3 of its levels.

You collected 13 gold pieces.

Inventory:

Hand Weapons
 a - a +1 dagger (weapon)
Scrolls
 d - 3 scrolls of teleportation {unknown}
 e - a scroll of identify {unknown}
Books
 b - a book of Maledictions

   Spells                             Type                      Level
   a - Corona                         Hexes                        1
   b - Ensorcelled Hibernation        Hexes/Ice                    2
   c - Confuse                        Hexes                        3
   d - Tukima's Dance                 Hexes                        3
   e - Dazzling Spray                 Conjuration/Hexes            3
Comestibles
 c - a bread ration


   Skills:
 * Level 1.5 Short Blades
 + Level 2.0 Dodging
 - Level 4.0 Stealth
 - Level 2.0 Spellcasting
 - Level 3.0 Hexes


You had 3 spell levels left.
You knew the following spells:

 Your Spells              Type           Power        Failure   Level  Hunger
a - Corona                Hex            ##.....      5%          1    #......


Dungeon Overview and Level Annotations

Branches:
Dungeon (3/15)

Altars:

Annotations:
D:3 4thArraOfDagon's ghost, novice OpEn


Innate Abilities, Weirdness & Mutations

You cannot wear most types of armour.
You are very stealthy in the water. (Stealth+)
You are amphibious.
You can wear up to eight rings at the same time.
You can use your tentacles to constrict eight enemies at once.
Your skin changes colour to match your surroundings (Stealth+).
Your rubbery body absorbs attacks. (AC +1, EV +1)


Message History

You constrict the bat, but do no damage.
The bat hits you.
Unknown command.
You hit the bat.
The bat is moderately wounded.
You constrict the bat, but do no damage.
The bat hits you. The bat hits you but does no damage.
You hit the bat.
You kill the bat! 4thArraOfDagon's ghost casts a spell at you.
You fall asleep.
You are no longer glowing. 4thArraOfDagon's ghost hits you.
You wake up.
Ouch! That really hurt!
* * * LOW HITPOINT WARNING * * *
Unknown command. 4thArraOfDagon's ghost stares at you and mumbles some strange words.
You fall asleep. 4thArraOfDagon's ghost hits you.
You die...

...<.# ###.## #.#. ....
#...# #.#. ... #...#
#.#.##... #...#
#........ ..
##...######.##..#.# ...
.........##......(##....
........................
...........#####@.......
.......#.......W...#....
.#...######.....#### #
.#.....#..#.....#
.#.....#..#..#..#
.##.#.....+..#..+
.........########
##<.......+
.......≈..≈..#


You could see 4thArraOfDagon's ghost.

Vanquished Creatures
  A hobgoblin (D:2)
  A kobold (D:2)
  A bat (D:3)
  A goblin (D:2)
4 creatures vanquished.

Vanquished Creatures (others)
  A rat (D:2)
1 creature vanquished.

Grand Total: 5 creatures vanquished

Notes
Turn   | Place    | Note
-------+----------+-------------------------------------------
     0 | D:1      | 4thArraOfDagon the Octopode Enchanter began the quest for the Orb.
     0 | D:1      | Reached XP level 1. HP: 11/11 MP: 3/3
    45 | D:1      | You fall through a shaft!
    65 | D:3      | Noticed 4thArraOfDagon's ghost (novice OpEn)
   160 | D:3      | Slain by 4thArraOfDagon's ghost

Vault maps used:
D:1:      dpeg_arrival_signposts, minmay_crystal_water, minmay_tetromino_i4
D:2:      nicolae_overflow_hidden_temple, fiery_altar_vehumet,
          grunt_gozag_breadcrumbs
D:3:      lemuel_coloured_pillars_altar, grunt_temple_overflow_open,
          minmay_misc_feat_rows, hangedman_ru_absence

Action                   || total
-------------------------++-------
Melee: Dagger            ||     8
       Constrict         ||     2
       Tentacles         ||     2
 Stab: Sleeping          ||     1
Armor: Skin              ||     2
Dodge: Dodged            ||     4
